 Dungeon Crawl Stone Soup version 0.17.0-26-gececa24 (webtiles) character file.

35093 fotsohgehT the Carver (level 13, -2/79 HPs)
             Began as a Deep Elf Berserker on Nov 19, 2015.
             Was a High Priest of Trog.
             Slain by a lindwurm (6 damage)
             ... on level 5 of the Lair of Beasts.
             The game lasted 01:51:14 (19678 turns).

fotsohgehT the Carver (Deep Elf Berserker)         Turns: 19678, Time: 01:51:14

Health: -2/79      AC: 17    Str: 16    XL:     13   Next: 45%
Magic:  6/6        EV: 17    Int: 16    God:    Trog [*****.]
Gold:   1052       SH:  0    Dex: 23    Spells: 0 memorised, 12 levels left

rFire  + + .     SeeInvis .     f - +6 demon blade (antimagic)
rCold  . . .     Clarity  .     E - +1 scale mail of the Comet {Regen+ rCorr}
rNeg   . . .     SustAt   .     (no shield)
rPois  +         Gourm    .     C - +1 hat
rElec  .         Spirit   .     W - +0 cloak
rCorr  +         Warding  .     I - +0 pair of gloves {Dex+3}
rMut   .         Stasis   .     (no boots)
MR     +++..                    (no amulet)
Stlth  +.........               s - ring of protection from fire
                                j - +5 ring of protection

@: exhausted, regenerating, slowed, very slow, extremely resistant to hostile
enchantments, very unstealthy
A: antennae 1, agile 1, clever 1, fire resistance 1, poison resistance, spit
poison 1, strong 1
a: Spit Poison, Berserk, Trog's Hand, Brothers in Arms, Burn Spellbooks,
Renounce Religion


You were on level 5 of the Lair of Beasts.
You worshipped Trog.
Trog was extremely pleased with you.
You were very hungry.

You visited 3 branches of the dungeon, and saw 18 of its levels.
You also visited: Labyrinth.

You collected 1052 gold pieces.

Inventory:

Hand Weapons
 f - a +6 antimagic demon blade (weapon)
 k - a +2 triple sword of protection
 H - a +1 blowgun
 Q - a +1 scimitar of flaming
Missiles
 e - 10 javelins (quivered)
 g - 4 poisoned tomahawks
 D - 50 poisoned needles
 M - 2 javelins of returning
 U - a throwing net
Armour
 b - the +1 robe of the Iron City of Dis {rF+ rN+}
   (You found it in a labyrinth)

   It protects you from fire.
   It protects you from negative energy.
 C - a +1 hat (worn)
 E - the +1 scale mail of the Comet (worn) {Regen+ rCorr}
   (You found it in a labyrinth)

   It increases your rate of regeneration.
   It protects you from acid and corrosion.
 I - a +0 pair of gloves of dexterity (worn)
 W - a +0 cloak (worn)
Rods
 S - a +3 rod of shadows (13/13)
   (You found it in a labyrinth)
Jewellery
 c - an uncursed ring of positive energy
 j - a +5 ring of protection (left hand)
 s - a ring of protection from fire (right hand)
 t - an uncursed amulet of guardian spirit
 G - an uncursed ring of sustain attributes
 P - an uncursed ring of wizardry
Wands
 p - a wand of magic darts (24)
 x - a wand of magic darts (30)
 y - a wand of slowing (17)
 B - a wand of paralysis (1)
 N - a wand of invisibility (2)
Scrolls
 i - 10 scrolls of enchant weapon
 m - a scroll of fog
 r - a scroll of fear
 J - a scroll of teleportation
 K - a scroll of remove curse
 L - 3 scrolls of immolation
 O - a scroll of blinking
Potions
 d - a potion of agility
 h - 3 potions of invisibility
 l - a potion of resistance {unknown}
 n - 2 potions of haste
 o - 2 potions of degeneration {unknown}
 w - 2 potions of might
 z - 2 potions of ambrosia
 F - 5 potions of curing
 T - a potion of berserk rage
 V - a potion of magic
 X - 2 potions of cure mutation
Books
 a - a Necronomicon

   Spells                             Type                      Level
   a - Haunt                          Necromancy/Summoning         7
   b - Borgnjor's Revivification      Necromancy                   8
   c - Death's Door                   Charms/Necromancy            8
   d - Necromutation                  Transmutation/Necromancy     8
   Trog disapproves of the use of such an item.
 q - a book of Party Tricks

   Spells                             Type                      Level
   a - Summon Butterflies             Summoning                    1
   b - Apportation                    Translocation                1
   c - Tukima's Dance                 Hexes                        3
   d - Alistair's Intoxication        Transmutation/Poison         4
   e - Invisibility                   Hexes                        6
   Trog disapproves of the use of such an item.
 R - a book of Minor Magic

   Spells                             Type                      Level
   a - Magic Dart                     Conjuration                  1
   b - Blink                          Translocation                2
   c - Call Imp                       Summoning                    2
   d - Repel Missiles                 Charms/Air                   2
   e - Slow                           Hexes                        2
   f - Conjure Flame                  Conjuration/Fire             3
   g - Mephitic Cloud                 Conjuration/Poison/Air       3
   Trog disapproves of the use of such an item.
Miscellaneous
 Z - a sack of spiders {used: 6}
Comestibles
 u - 9 meat rations
 v - 20 fruits
 A - 8 bread rations


   Skills:
 * Level 8.6 Fighting
 * Level 14.8 Long Blades
 - Level 8.0 Armour
 - Level 8.7 Dodging
 + Level 7.6 Evocations


You had 12 spell levels left.
You didn't know any spells.

Dungeon Overview and Level Annotations

Branches:
Dungeon (11/15)            Temple (1/1) D:5            Lair (6/8) D:9
  Swamp (0/4) Lair:4        Snake (0/4) Lair:3          Orc (0/4) D:10
  Slime: Lair:6-8

Altars:
Cheibriados
Elyvilon
Fedhas
Kikubaaqudgha
Makhleb
Nemelex Xobeh
Sif Muna
Trog

Shops:
D:7 (   D:10 %

Annotations:
D:8 Gastronok
Lair:4 exclusion: oklob plant


Innate Abilities, Weirdness & Mutations

You have a pair of small antennae on your head.
You are agile. (Dex +2)
Your mind is acute. (Int +2)
Your flesh is heat resistant.
Your system is resistant to poisons.
You can spit weak poison.
Your muscles are strong. (Str +2)


Message History

* * * LOW HITPOINT WARNING * * *
The lindwurm claws you but does no damage.
The lindwurm closely misses you.
You slice the lindwurm!!
The lindwurm is severely wounded.
You completely miss the lindwurm.
The lindwurm is severely wounded.
The lindwurm breathes flames at you. The blast of flame hits you! You resist.
* * * LOW HITPOINT WARNING * * *
Your skin crawls.
You feel resistant to hostile enchantments.
You feel slightly more hungry. The lindwurm breathes flames at you.
The blast of flame hits you! You resist.
* * * LOW HITPOINT WARNING * * *
The lindwurm misses you.
The lindwurm claws you but does no damage.
The lindwurm claws you.
You die...

. ...# ..# ..#. .. #.. ⌠... # ...
.###.## #.#?....#.###.. ##
.##...###.#...#..#.#.. ..#
......#.##.....##..#.#.%#
..........#..+##P..#....#
.......................P#
......#.........#k.#.....#
........(.......@†###..#...
.#.####........#..P# ...... ...
....##.#..#...#...####..... ..
...###....#†##.PP.###..#.P#..
...##P.(#.#.....P.##......#.
....#..###..#..............
......####........P..P.P..####
.....#.#...P#########...P....####
#....##.....##.####.#............


You could see a lindwurm.

Vanquished Creatures
  A minotaur (Lab)
  Josephine (Lair:4)
  2 hydras
  Erica (Lair:2)
  A death yak (Lair:5)
  Urug (Lair:2)
  The ghost of AAAAA the Basher, a novice OgGl (D:6)
  A hill giant (D:11)
  Pikel (D:8)
  9 elephants
  3 black mambas
  A torpor snail (Lair:4)
  2 gargoyles (D:11)
  2 centaur skeletons
  4 komodo dragons
  2 fire drakes (Lair:5)
  3 trolls
  3 giant leeches
  Grinder (D:4)
  Prince Ribbit (D:9)
  A polar bear (Lair:3)
  8 blink frogs
  26 yaks
  A deep elf mage (D:10)
  A wyvern (D:8)
  2 wraiths
  A basilisk (D:9)
  4 hippogriffs
  19 wolves
  Menkaure (D:7)
  4 hungry ghosts
  A steam dragon (Lair:2)
  8 water moccasins
  Edmund (D:5)
  4 nagas (Lair:3)
  A phantom (D:8)
  4 orc warriors
  A sky beast (D:8)
  6 ice beasts
  4 porcupines
  A slave (D:7)
  2 black bears
  7 ogres
  11 centaurs
  11 crocodiles
  8 giant frogs
  A troll zombie (D:10)
  3 scorpions (D:7)
  8 killer bees
  2 crimson imps
  5 wights
  4 jellies
  3 giant frog zombies
  7 iguanas
  A gnoll shaman (D:8)
  3 giant frog skeletons
  3 hounds
  8 worker ants
  Natasha (thrice) (D:5)
  5 orc priests
  9 orc wizards
  7 ogre zombies (D:10)
  A hound skeleton (D:11)
  Robin (D:3)
  13 gnolls
  A worker ant zombie (D:6)
  11 adders
  48 river rats
  A shadow imp (D:5)
  An ooze (D:2)
  2 adder skeletons
  A worm (D:3)
  5 giant geckos
  56 orcs
  7 bats
  14 goblins
  11 hobgoblins
  16 jackals
  8 giant cockroaches
  3 giant newts
  A goblin skeleton (D:10)
  2 goblin zombies (D:10)
  3 hobgoblin zombies (D:10)
  8 kobolds
  3 orc skeletons (D:10)
  16 orc zombies (D:10)
  11 quokkas
  6 rats
  A plant (Lair:5)
502 creatures vanquished.

Vanquished Creatures (collateral kills)
  2 death yaks
  A torpor snail (Lair:5)
  A troll (D:11)
  4 blink frogs (Lair:3)
  A trapdoor spider (D:11)
  A hippogriff (Lair:5)
  A water moccasin (Lair:1)
  An iguana (Lair:1)
  8 river rats
  A gnoll (D:8)
  A bush (Lair:2)
22 creatures vanquished.

Vanquished Creatures (others)
  A deep elf mage (D:6)
  A sky beast (D:11)
  3 slaves (D:8)
  2 adders (D:8)
  2 bushes
  A fungus (Lair:3)
  4 plants
14 creatures vanquished.

Grand Total: 538 creatures vanquished

Notes
Turn   | Place    | Note
--------------------------------------------------------------
     0 | D:1      | fotsohgehT the Deep Elf Berserker began the quest for the Orb.
     0 | D:1      | Reached XP level 1. HP: 13/13 MP: 3/3
    57 | D:1      | Reached skill level 3 in Long Blades
   554 | D:1      | Reached XP level 2. HP: 12/18 MP: 4/4
  1598 | D:2      | Reached XP level 3. HP: 22/22 MP: 5/5
  1674 | D:2      | Reached ** piety under Trog
  1681 | D:2      | Found a blossoming altar of Fedhas.
  1681 | D:2      | Found an ancient bone altar of Kikubaaqudgha.
  1877 | D:2      | Reached skill level 4 in Long Blades
  2142 | D:3      | Noticed Natasha
  2401 | D:3      | Reached XP level 4. HP: 24/27 MP: 6/6
  2506 | D:3      | Noticed Robin
  2567 | D:3      | Killed Robin
  2567 | D:3      | Reached *** piety under Trog
  3070 | D:4      | Reached XP level 5. HP: 31/31 MP: 7/7
  3235 | D:4      | Noticed a water moccasin
  3236 | D:4      | wow
  3236 | D:4      | would be dead as fighter
  3244 | D:4      | Killed a water moccasin
  3244 | D:4      | Reached skill level 5 in Long Blades
  3244 | D:4      | Reached XP level 6. HP: 36/36 MP: 6/8
  3586 | D:4      | HP: 1/54 [iguana (6)]
  3590 | D:4      | Reached skill level 5 in Dodging
  4079 | D:4      | Noticed Grinder
  4088 | D:4      | Killed Grinder
  4088 | D:4      | Reached skill level 6 in Long Blades
  4088 | D:4      | Reached XP level 7. HP: 40/40 MP: 5/9
  4092 | D:4      | should have mr++'d
  4311 | D:5      | Entered Level 5 of the Dungeon
  4311 | D:5      | Noticed Edmund
  4317 | D:5      | Killed Edmund
  4382 | D:5      | Killed Natasha
  4429 | D:5      | Gained mutation: You have a pair of small antennae on your head. [potion of beneficial mutation]
  4458 | D:5      | Found a staircase to the Ecumenical Temple.
  4467 | Temple   | Entered the Ecumenical Temple
  4529 | D:5      | Noticed Natasha
  4537 | D:5      | Killed Natasha
  4703 | D:5      | Noticed Natasha
  4706 | D:5      | Killed Natasha
  4843 | D:5      | Reached skill level 7 in Long Blades
  4976 | D:5      | Found a snail-covered altar of Cheibriados.
  5071 | D:6      | Reached XP level 8. HP: 41/45 MP: 10/10
  5227 | D:6      | Noticed a deep elf mage
  5550 | D:6      | Noticed AAAAA's ghost (novice OgGl)
  5567 | D:6      | Reached skill level 5 in Armour
  5992 | D:6      | Killed a deep elf mage
  5992 | D:6      | Reached skill level 8 in Long Blades
  6215 | D:6      | duuuude
  7110 | D:6      | Reached XP level 9. HP: 44/49 MP: 8/11
  7152 | D:7      | Noticed Menkaure
  7326 | D:6      | Received a gift from Trog
  7517 | D:7      | Found Momoh's Antique Weapon Shop.
  7678 | D:7      | Reached skill level 9 in Long Blades
  7806 | D:7      | Gained mutation: Your mind is acute. (Int +2) [potion of beneficial mutation]
  7807 | D:7      | Gained mutation: Your system is resistant to poisons. [potion of beneficial mutation]
  8008 | D:7      | Killed Menkaure
  8205 | D:7      | Reached **** piety under Trog
  8517 | D:8      | Noticed Pikel
  8587 | D:8      | Reached skill level 1 in Evocations
  8622 | D:8      | Gained mutation: Your flesh is heat resistant. [mutagenic meat]
  8624 | D:8      | Gained mutation: Your muscles are strong. (Str +2) [mutagenic meat]
  8625 | D:8      | Gained mutation: You can spit weak poison. [mutagenic meat]
  8638 | D:8      | lol
  8857 | D:8      | Noticed Gastronok
  9188 | D:8      | Killed Pikel
  9188 | D:8      | Reached skill level 5 in Fighting
  9188 | D:8      | Reached XP level 10. HP: 44/59 MP: 7/14
  9285 | D:8      | Found a bloodstained altar of Trog.
  9289 | D:8      | Found a white marble altar of Elyvilon.
  9393 | D:9      | Noticed Prince Ribbit
  9612 | D:8      | Found a deep blue altar of Sif Muna.
  9642 | D:8      | Reached skill level 10 in Long Blades
 10249 | D:9      | Found a staircase to the Lair.
 10356 | D:8      | Reached skill level 5 in Evocations
 10987 | D:9      | Killed Prince Ribbit
 11250 | D:9      | Reached ***** piety under Trog
 11355 | D:10     | Entered Level 10 of the Dungeon
 11704 | D:10     | Reached XP level 11. HP: 64/64 MP: 17/17
 11749 | D:10     | Found a staircase to the Orcish Mines.
 12180 | D:10     | Found Upuricogy's Food Shop.
 12479 | D:11     | Reached skill level 11 in Long Blades
 12560 | D:11     | Noticed a hill giant
 12566 | D:11     | fuuuuu
 12578 | D:11     | Killed a hill giant
 13498 | D:11     | Received a gift from Trog
 14026 | Lair:1   | Entered Level 1 of the Lair of Beasts
 14031 | Lair:1   | =(
 14178 | Lair:1   | Found a labyrinth entrance.
 14193 | Lab      | Entered a labyrinth
 14585 | Lab      | lol
 14670 | Lab      | Noticed a minotaur
 14688 | Lab      | ...
 14690 | Lab      | Killed a minotaur
 14698 | Lab      | Got an ichor-stained helmet
 14721 | Lab      | Got a heavy robe
 14721 | Lab      | Got a polished scale mail
 14721 | Lab      | Got a twisted robe
 14732 | Lab      | Identified the cursed +1 scale mail of the Comet {Regen+ rCorr} (You found it in a labyrinth)
 15244 | Lair:2   | Reached XP level 12. HP: 62/72 MP: 15/19
 15303 | Lair:2   | Identified a scroll of acquirement
 15345 | Lair:2   | Noticed Erica
 15357 | Lair:2   | Killed Erica
 15510 | Lair:2   | Gained mutation: You are agile. (Dex +2) [potion of beneficial mutation]
 15539 | Lair:2   | Identified the +1 robe of the Iron City of Dis {rF+ rN+} (You found it in a labyrinth)
 15549 | Lair:2   | Identified the +2 robe "Luesuce" {Dex+9} (You found it in a labyrinth)
 15639 | Lair:2   | Noticed an eight-headed hydra
 15650 | Lair:2   | Killed a three-headed hydra
 15650 | Lair:2   | Reached skill level 12 in Long Blades
 15739 | Lair:2   | Noticed Urug
 15814 | Lair:2   | Killed Urug
 16024 | Lair:2   | Identified a +3 rod of shadows (13/13) (You found it in a labyrinth)
 16137 | Lair:3   | Noticed a six-headed hydra
 16153 | Lair:3   | Killed a one-headed hydra
 16314 | Lair:3   | Found a staircase to the Snake Pit.
 16605 | Lair:3   | Reached skill level 13 in Long Blades
 17126 | Lair:4   | Identified the +1 helmet of the Vacuum {+Fly rC+ Str-5 Slay+3} (You found it in a labyrinth)
 17433 | Lair:3   | Reached skill level 14 in Long Blades
 17626 | Lair:4   | Got an ichor-stained leather armour
 17649 | Lair:4   | Identified the +0 leather armour of Hangman {rPois} (You found it on level 4 of the Lair of Beasts)
 17697 | Lair:4   | srsly
 17697 | Lair:4   | HP: 2/72 [giant leech (20)]
 17835 | Lair:3   | Reached XP level 13. HP: 55/76 MP: 20/20
 17890 | Lair:4   | Found a staircase to the Swamp.
 18487 | D:6      | Killed AAAAA's ghost
 18775 | Lair:4   | Received a gift from Trog
 18790 | Lair:4   | Noticed Josephine
 18799 | Lair:4   | Killed Josephine
 19280 | Lair:5   | You fall through a shaft!
 19306 | Lair:6   | HP: 3/79 [death yak (8)]
 19678 | Lair:5   | Slain by a lindwurm

Action                   |  1- 3 |  4- 6 |  7- 9 | 10-12 | 13-15 || total
-------------------------+-------+-------+-------+-------+-------++-------
Melee: Falchion          |    83 |       |       |       |       ||    83
       Whip              |    57 |    97 |   349 |   169 |       ||   672
       Mace              |     3 |     3 |    19 |   105 |       ||   130
       Flail             |       |       |    14 |       |       ||    14
       Dagger            |       |       |    65 |     4 |       ||    69
       Great sword       |       |       |       |   517 |       ||   517
       Scimitar          |       |       |       |    45 |       ||    45
       Triple sword      |       |       |       |   310 |   177 ||   487
       Demon blade       |       |       |       |       |    72 ||    72
 Fire: Blowgun           |       |       |    12 |    35 |     3 ||    50
Throw: Stone             |    13 |       |       |     1 |       ||    14
       Tomahawk          |     4 |       |     3 |     2 |       ||     9
       Throwing net      |       |       |       |     1 |       ||     1
Invok: Berserk           |     3 |     4 |     8 |    12 |     3 ||    30
       Trog's Hand       |       |     2 |     8 |    10 |     2 ||    22
       Burn Spellbooks   |       |       |       |     2 |       ||     2
Evoke: Wand              |       |       |     3 |    24 |     2 ||    29
       Sack of spiders   |       |       |       |     8 |       ||     8
       Rod               |       |       |       |     4 |     4 ||     8
  Use: Potion            |       |     1 |     4 |     4 |       ||     9
       Scroll            |       |       |    10 |    20 |     3 ||    33
 Stab: Sleeping          |     3 |       |       |       |       ||     3
       Distracted        |     2 |       |       |     1 |     1 ||     4
       Invisible         |       |       |       |    19 |     2 ||    21
       Held in net/web   |       |       |       |     2 |       ||     2
       Paralysed         |       |       |       |     3 |       ||     3
  Eat: Chunk             |     4 |     5 |    26 |    31 |     7 ||    73
       Bread ration      |     1 |       |       |       |       ||     1
       Fruit             |       |     3 |       |     2 |       ||     5
       Beef jerky        |       |       |     2 |     8 |       ||    10
       Pizza             |       |       |     1 |     3 |     1 ||     5
       Royal jelly       |       |       |       |       |     1 ||     1
